 Dungeon Crawl Stone Soup version 0.29-a0-317-gd16b76e6b1 (webtiles) character file.

Game seed: 15766144982634120031

2846 kae the Arsonist (level 9, -12/52 HPs)
             Began as a Tengu Fire Elementalist on Mar 30, 2022.
             Was a Follower of Vehumet.
             Mangled by a komodo dragon (24 damage)
             ... on level 7 of the Dungeon.
             The game lasted 00:08:26 (12436 turns).

kae the Arsonist (Tengu Fire Elementalist)         Turns: 12436, Time: 00:08:27

Health: -12/52     AC: 12    Str:  7 (8)  XL:     9   Next: 74%
Magic:  9/16       EV: 15    Int: 15 (18) God:    Vehumet [*.....]
Gold:   419        SH:  6    Dex: 12 (15) Spells: 4/17 levels left

rFire   . . .      SeeInvis .   i - +3 short sword
rCold   . . .      Faith    .   m - +1 buckler
rNeg    . . .      Spirit   .   u - +2 leather armour {rPois}
rPois   +          Reflect  .   l - +2 hat {Will+}
rElec   .          Harm     .   (no cloak)
rCorr   .          Rampage  .   (no gloves)
Will    +....                   (boots unavailable)
Stlth   ++........              (no amulet)
HPRegen 0.17/turn               e - +4 ring of protection
MPRegen 0.15/turn               (no ring)

@: flying quickly and evasively, quick
A: beak, talons 3, nimble flight, deterioration 2, dopey 1, poison resistance,
shaggy fur 1
a: Renounce Religion


You were on level 7 of the Dungeon.
You worshipped Vehumet.
Vehumet was aware of your devotion.
You visited 2 branches of the dungeon, and saw 8 of its levels.

You collected 779 gold pieces.
You spent 360 gold pieces at shops.

Inventory:

Hand Weapons
 d - a +0 spear
 i - a +3 short sword (weapon)
 o - the +11 mace "Ygawkus" {spect, rC+ Int-4 Stlth+}
   (You found it on level 4 of the Dungeon)

   When its wielder attacks, the weapon's spirit leaps out and strikes again.
   The spirit shares a part of any damage it takes with its wielder.
   Int:       It affects your intelligence (-4).
   rC:        It protects you from cold.
   Stlth:     It makes you more stealthy.
Armour
 a - a +0 robe
 l - a +2 hat of willpower (worn)
 m - a +1 buckler (worn)
 u - a +2 leather armour of poison resistance (worn)
Jewellery
 e - a +4 ring of protection (left hand)
Wands
 h - a wand of paralysis (14)
 k - a wand of digging (5)
 n - a wand of iceblast (22)
 t - a wand of acid (10)
Scrolls
 c - 2 scrolls of holy word
Potions
 b - a potion of magic
 f - a potion of haste
 g - a potion of mutation
 p - 2 potions of curing
 q - a potion of cancellation
 r - a potion of degeneration
 s - a potion of lignification
 v - a potion of ambrosia
 w - a potion of might
 x - a potion of invisibility


   Skills:
 + Level 4.4 Fighting
 + Level 4.8 Armour
 + Level 5.5 Dodging
 - Level 2.0 Stealth
 - Level 4.0 Shields
 + Level 4.6 Spellcasting
 + Level 6.2 Conjurations
 * Level 8.1 Fire Magic


You had 4 spell levels left.
You knew the following spells:

 Your Spells              Type           Power      Damage    Failure   Level
a - Foxfire               Conj/Fire      96%        2x1d8     1%          1
b - Scorch                Fire           54%        2d7       1%          2
c - Conjure Flame         Conj/Fire      24%        6-21      4%          3
d - Inner Flame           Hex/Fire       15%        N/A       19%         3
e - Flame Wave            Conj/Fire      24%        2d7       17%         4

Your spell library contained the following spells:

 Spells                   Type           Power      Damage    Failure   Level
 Sandblast                Erth           6%         2d5       32%         1
 Ignite Poison            Fire/Tmut/Pois 11%        N/A       30%         3
 Mephitic Cloud           Conj/Pois/Air  9%         N/A       38%         3
 Sublimation of Blood     Necr           3%         N/A       43%         2
 Wereblood                Tmut           3%         N/A       43%         2
 Freezing Cloud           Conj/Ice/Air   4%         6-21      98%         5
 Summon Hydra             Summ           1%         N/A       100%        7


Dungeon Overview and Level Annotations

Branches:
Dungeon (7/15)             Temple (1/1) D:5

Altars:
Ashenzari
Cheibriados
Dithmenos
Elyvilon
Fedhas
Gozag
Hepliaklqana
Kikubaaqudgha
Makhleb
Nemelex Xobeh
Okawaru
Qazlal
Ru
Sif Muna
Trog
Uskayaw
Vehumet
Wu Jian
Xom
Yredelemnul
Zin
The Shining One

Shops:
D:6 [*

Annotations:
D:6 Maggie


Innate Abilities, Weirdness & Mutations

You have a beak for a mouth.
You have claws for feet.
Your magical nature lets you fly swiftly and evasively.
Your body often deteriorates upon taking damage.
You are dopey. (Int -2)
Your system is resistant to poisons. (rPois)
You are covered in fur. (AC +1)


Message History

The komodo dragon is heavily wounded.
Something barely misses you.
The orc priest hits you but does no damage.
Casting: Foxfire (safe; 1% risk of failure)
Confirm with . or Enter, or press ? or * to list all spells.
Flames lash something.
Something hits you but does no damage. The orc priest barely misses you.
Something hits you but does no damage. The orc priest completely misses you.
Casting: Scorch (safe; 1% risk of failure)
Confirm with . or Enter, or press ? or * to list all spells.
Flames lash the orc.
You kill the orc!
Vehumet accepts your kill. You block the orc priest's attack.
Something hits you but does no damage.
The orc priest calls down the wrath of Beogh upon you.
You easily resist.
You block something's attack.
Casting: Scorch (safe; 1% risk of failure)
Confirm with . or Enter, or press ? or * to list all spells.
Flames lash the jelly.
The jelly is heavily wounded.
The jelly's fire resistance burns away.
You block the orc priest's attack.
You hear some strange, mumbled words.
A puff of flame appears from out of thin air!
The puff of flame hits you! You block the orc priest's attack.
Something hits you but does no damage.
Casting: Scorch (safe; 1% risk of failure)
Confirm with . or Enter, or press ? or * to list all spells.
Flames lash the jelly.
The jelly is burned terribly!
You kill the jelly!
Vehumet accepts your kill.
You can now gain magical power from killing.
The komodo dragon is no longer paralysed.
The komodo dragon bites you!!
The orc priest invokes the aid of Beogh against you.
Beogh smites you!
* * * LOW HITPOINT WARNING * * *
Your body deteriorates!
You feel dopey. Something closely misses you. The komodo dragon bites you!!
You die...

..##### # # . ..#...#.#
. ... #.#.#.#.#.##
....#######+#.#.#...#..#
..............#.#.#....#
..............#.#......
#......)............##.#
.#####+#{######.#......#
..#.#o@l.#...<#..####
#....###.#.#.....#
#....###.#.......#
#........#########
#.........#
##.........########
..................#
.....J.....######.#
...........#


You could see a komodo dragon and an orc priest.

Vanquished Creatures
  Pikel (D:5)
  Prince Ribbit (D:6)
  Eustachio (D:5)
  Duvessa (D:4)
  A water moccasin (D:6)
  2 ice beasts
  2 ogres
  2 lemures (D:6)
  A phantom (D:4)
  2 bullfrogs
  A necrophage (D:4)
  4 scorpions
  Dowan (D:4)
  2 killer bees (D:5)
  2 howler monkeys
  4 jellies
  4 hounds
  5 orc priests
  2 iguanas
  6 orc wizards
  A mummy (D:6)
  8 adders
  A white imp (D:6)
  3 worms (D:2)
  21 orcs
  5 bats
  14 endoplasms
  4 giant cockroaches
  3 goblins
  7 hobgoblins
  5 jackals
  13 kobolds
  2 quokkas
  3 ball pythons
  4 frilled lizards
  A hobgoblin zombie (D:6)
  A kobold zombie (D:6)
  2 orc zombies (D:6)
  8 rats
151 creatures vanquished.

Vanquished Creatures (others)
  342 foxfires
  2 fungi (D:3)
  8 toadstools (D:3)
352 creatures vanquished.

Grand Total: 503 creatures vanquished

Notes
Turn   | Place    | Note
-------+----------+-------------------------------------------
     0 | D:1      | kae the Tengu Fire Elementalist began the quest for the
                  | Orb.
     0 | D:1      | Reached XP level 1. HP: 10/10 MP: 4/4
   286 | D:1      | Reached XP level 2. HP: 16/16 MP: 0/6
   736 | D:1      | Learned a level 2 spell: Scorch
   741 | D:1      | Found a faded altar of an unknown god.
  1159 | D:2      | Reached XP level 3. HP: 14/20 MP: 4/7
  1163 | D:2      | Learned a level 3 spell: Conjure Flame
  1599 | D:2      | Reached skill level 4 in Fire Magic
  1655 | D:2      | Reached skill level 1 in Fighting
  1755 | D:2      | Reached XP level 4. HP: 25/25 MP: 5/8
  1879 | D:2      | Reached skill level 1 in Armour
  2631 | D:3      | Found a stormy altar of Qazlal.
  2858 | D:3      | Gained mutation: Your magical nature lets you fly swiftly
                  | and evasively. [Tengu growth]
  2858 | D:3      | Reached XP level 5. HP: 29/29 MP: 4/9
  3407 | D:2      | Reached skill level 1 in Shields
  3581 | D:3      | Reached XP level 6. HP: 12/35 MP: 6/10
  4138 | D:3      | Gained mutation: You are covered in fur. (AC +1) [potion of
                  | mutation]
  4138 | D:3      | Gained mutation: Your body sometimes deteriorates upon
                  | taking damage. [potion of mutation]
  4138 | D:3      | Gained mutation: You have hidden genetic defects. [potion
                  | of mutation]
  4138 | D:3      | Gained mutation: Your system is resistant to poisons.
                  | (rPois) [potion of mutation]
  4177 | D:3      | Gained mutation: Your body often deteriorates upon taking
                  | damage. [hidden defects]
  4359 | D:3      | Identified a scroll of acquirement
  4359 | D:3      | Acquired 444 gold pieces
  4663 | D:4      | Identified the +11 mace "Ygawkus" {spect, rC+ Int-4 Stlth+}
  4691 | D:4      | Reached skill level 5 in Fire Magic
  4705 | D:4      | Gained mutation: You are dopey. (Int -2) [hidden defects]
  4705 | D:4      | Lost mutation: You have hidden genetic defects. [hidden
                  | defects expressed]
  4953 | D:4      | Noticed Duvessa
  4953 | D:4      | Noticed Dowan
  5790 | D:4      | Noticed an ice beast
  6133 | D:4      | Killed an ice beast
  6134 | D:4      | Reached XP level 7. HP: 40/40 MP: 2/12
  7534 | D:3      | Learned a level 3 spell: Inner Flame
  7792 | D:4      | Killed Duvessa
  8057 | D:4      | Killed Dowan
  8160 | D:5      | Entered Level 5 of the Dungeon
  8379 | D:4      | Reached XP level 8. HP: 24/45 MP: 3/13
  8635 | D:5      | Learned a level 4 spell: Flame Wave
  8655 | D:4      | Reached skill level 6 in Fire Magic
  9170 | D:5      | Found a staircase to the Ecumenical Temple.
  9193 | Temple   | Entered the Ecumenical Temple
  9458 | Temple   | Became a worshipper of Vehumet
 10559 | D:6      | Found Leneobik's General Store.
 10565 | D:6      | Noticed Prince Ribbit
 10572 | D:6      | Reached skill level 5 in Conjurations
 10582 | D:6      | Killed Prince Ribbit
 10583 | D:6      | Reached skill level 7 in Fire Magic
 10583 | D:6      | Reached XP level 9. HP: 29/51 MP: 7/16
 10708 | D:6      | Bought a +2 hat of willpower for 315 gold pieces
 10708 | D:6      | Bought a potion of lignification for 45 gold pieces
 10770 | D:6      | Noticed Eustachio
 10930 | D:5      | Killed Eustachio
 11213 | D:6      | Reached skill level 5 in Dodging
 11435 | D:6      | Noticed Pikel
 11531 | D:5      | Killed Pikel
 11814 | D:6      | Found Vusaaj's Armour Shop.
 11866 | D:6      | Noticed Maggie
 12020 | D:6      | Reached * piety under Vehumet
 12020 | D:6      | Offered knowledge of Sandblast by Vehumet.
 12021 | D:6      | Reached skill level 8 in Fire Magic
 12397 | D:7      | Noticed a komodo dragon
 12436 | D:7      | Mangled by a komodo dragon

Illustrated notes

Levels and vault maps discovered:
D:1:      minmay_arrival_stair_chambers, layout_loops_corners,
          shapermc_ecumenical_altar_starsandcircs, bh_walls_and_bars
D:2:      layout_loops_ring
D:3:      cheibrodos_fertilizer, layout_basic, overflow_temple_1_default
D:4:      layout_basic, uniq_duvessa
D:5:      layout_rooms, minmay_temple_entry_trees, minmay_misc_feat_nine_boxes
D:6:      layout_basic, serial_shops, nicolae_shop_hallway_stairs,
          nicolae_shop_waterfront, minmay_mini_ossuary, uniq_maggie,
          uniq_prince_ribbit1, uniq_eustachio, uniq_pikel
D:7:      layout_basic
Temple:   kilobyte_greek_temple

Skill      XL: |  1  2  3  4  5  6  7  8  9 |
---------------+----------------------------+-----
Conjurations   | 2 3 4 5 6 |  6.2
Fire Magic     | 4 5 7 8 |  8.1
Fighting       | 1 2 3 4 |  4.4
Armour         | 1 2 4 |  4.8
Shields        | 1 2 3 4 |  4.0
Dodging        | 3 4 5 |  5.5
Spellcasting   | 3 4 |  4.6
Stealth        | |  2.0

Action                   |  1- 3 |  4- 6 |  7- 9 || total
-------------------------+-------+-------+-------++-------
Melee: Spear             |     6 |       |       ||     6
       Kick              |     4 |    18 |    21 ||    43
       Peck              |     1 |     4 |     9 ||    14
       Punch             |     1 |       |       ||     1
       Short sword       |     2 |    64 |    58 ||   124
 Cast: Foxfire           |    66 |    29 |   110 ||   205
       Scorch            |     1 |    43 |    89 ||   133
       Conjure Flame     |       |     1 |     6 ||     7
Evoke: Wand              |       |       |     1 ||     1
  Use: Scroll            |     1 |     8 |     8 ||    17
       Potion            |       |     3 |       ||     3
 Stab: Sleeping          |     1 |     3 |       ||     4
       Paralysed         |       |       |     3 ||     3
Armor: Robe              |     5 |    11 |    18 ||    34
       Leather armour    |       |       |    25 ||    25
Dodge: Dodged            |    13 |    55 |   154 ||   222
Block: Buckler           |       |    17 |    59 ||    76

Table legend: (Time is in decaauts)
 A = Elapsed time spent in this place.
 B = Non-inter-level travel time spent in this place.
 C = Inter-level travel time spent in this place.
 D = Time resting spent in this place.
 E = Time spent auto-exploring this place.
 F = Levels seen in this place.
 G = Mean time per level.
                   A        B        C        D        E       F      G
               +--------+--------+--------+--------+--------+-----+--------+
         Total |  12127 |  11758 |    369 |   3259 |   6842 |   8 | 1515.9 |
       Dungeon |  11840 |  11506 |    334 |   3259 |   6603 |   7 | 1691.4 |
        Temple |    287 |    252 |     35 |      0 |    238 |   1 |  287.0 |
               +--------+--------+--------+--------+--------+-----+--------+

Top non-repeatable levels by time:
     D:3: 3133 daAuts
     D:4: 2754 daAuts
     D:5: 1837 daAuts
     D:2: 1654 daAuts
     D:6: 1239 daAuts
     D:1: 1150 daAuts
  Temple: 287 daAuts
     D:7: 69 daAuts
